 Dungeon Crawl Stone Soup version 0.28.0-43-g3370ac3207 (webtiles) character file.

Game seed: 14252018237301639746

24 adizb the Caller (level 2, 0/15 HPs)
             Began as a Deep Elf Summoner on Mar 13, 2022.
             Slain by a quokka (2 damage)
             ... on level 1 of the Dungeon.
             The game lasted 00:04:25 (462 turns).

adizb the Caller (Deep Elf Summoner)                 Turns: 462, Time: 00:04:26

Health: 0/15       AC:  2    Str:  5    XL:     2   Next: 79%
Magic:  5/8        EV: 13    Int: 19    God:
Gold:   34         SH:  0    Dex: 15    Spells: 6/7 levels left

rFire   . . .      SeeInvis .   d - +0 short sword (speed)
rCold   . . .      Faith    .   (no shield)
rNeg    . . .      Spirit   .   a - +0 robe
rPois   .          Reflect  .   (no helmet)
rElec   .          Harm     .   (no cloak)
rCorr   .          Rampage  .   (no gloves)
Will    .....                   (no boots)
Stlth   ++........              (no amulet)
HPRegen 0.05/turn               (no ring)
MPRegen 0.11/turn               (no ring)

@: no status effects
A: no striking features
a: no special abilities


You were on level 1 of the Dungeon.
You visited 1 branch of the dungeon, and saw 1 of its levels.

You collected 34 gold pieces.

Inventory:

Hand Weapons
 d - a +0 short sword of speed (weapon)
Armour
 a - a +0 robe (worn)
 f - +0 fire dragon scales
 i - a +0 cloak
Scrolls
 b - a scroll of brand weapon {unknown}
 c - a scroll of fog {unknown}
 e - a scroll of enchant armour {unknown}
 j - a scroll of identify {unknown}
Potions
 g - a potion of brilliance {unknown}
 h - a potion of magic {unknown}


   Skills:
 + Level 0.2 Armour
 + Level 2.8 Dodging
 + Level 3.0 Stealth
 + Level 3.4 Spellcasting
 * Level 4.7 Summonings


You had 6 spell levels left.
You knew the following spells:

 Your Spells              Type           Power      Damage    Failure   Level
a - Summon Small Mammal   Summ           84%        N/A       1%          1

Your spell library contained the following spells:

 Spells                   Type           Power      Damage    Failure   Level
 Call Imp                 Summ           21%        N/A       3%          2
 Call Canine Familiar     Summ           21%        N/A       6%          3
 Summon Guardian Golem    Hex/Summ       12%        N/A       17%         3
 Summon Lightning Spire   Summ/Air       12%        N/A       50%         4


Dungeon Overview and Level Annotations

Branches:
Dungeon (1/15)

Altars:


Message History

The quokka bites your rat.
Your rat dies!
Your rat's corpse disappears in a puff of smoke!
You swap places.
Something bites your rat.
Your rat dies!
Your rat's corpse disappears in a puff of smoke!
Casting: Summon Small Mammal (safe; 1% risk of failure)
Press: ? - help, Q - select action Dir - look around, f - activate The quokka barely misses you.
Casting: Summon Small Mammal (safe; 1% risk of failure)
Press: ? - help, Q - select action Dir - look around, f - activate The quokka bites you.
Your quokka barely misses the quokka.
The quokka bites your quokka.
Your rat barely misses the quokka.
You miss the quokka. Your punch misses the quokka.
The quokka is almost dead.
The quokka closely misses you. The quokka barely misses your quokka.
Your quokka completely misses the quokka.
You closely miss the quokka.
The quokka is almost dead.
Your rat bites the quokka but does no damage.
The quokka bites you.
* * * LOW HITPOINT WARNING * * *
The quokka closely misses your quokka.
Your quokka closely misses the quokka.
The hobgoblin hits your rat.
Your rat dies!
Your rat's corpse disappears in a puff of smoke!
The quokka bites your quokka.
Your quokka closely misses the quokka.
The quokka closely misses your quokka.
Your quokka misses the quokka. The quokka bites your quokka.
Your quokka dies!
Your quokka's corpse disappears in a puff of smoke!
The quokka barely misses you. The quokka barely misses you.
The quokka bites you but does no damage.
The quokka twitches its whiskers.
Casting: Summon Small Mammal (safe; 1% risk of failure)
Press: ? - help, Q - select action Dir - look around, f - activate The quokka bites you.
You die...

.[....# ...#
......# ....#
...#..... ....#
...#...####....#
.###.........#
......#....######
......#..†......##
#...###..........##
.####...#.......@.#
##.....##......rr.#
)..###.##......r..#
#### #.##.......g.#
# #.##.........#
#..##.......## #
##...........# #
##..........# #####
##.........#


You could see 2 quokkas, a hobgoblin and a friendly quokka (summoned).

Vanquished Creatures
  A bat (D:1)
  A goblin (D:1)
  2 hobgoblins (D:1)
  A jackal (D:1)
  2 kobolds (D:1)
7 creatures vanquished.

Vanquished Creatures (collateral kills)
  A dart slug (D:1)
  2 ball pythons (D:1)
  A giant cockroach (D:1)
  A goblin (D:1)
  2 hobgoblins (D:1)
  A jackal (D:1)
  A quokka (D:1)
  A frilled lizard (D:1)
  2 kobolds (D:1)
  A rat (D:1)
13 creatures vanquished.

Grand Total: 20 creatures vanquished

Notes
Turn   | Place    | Note
-------+----------+-------------------------------------------
     0 | D:1      | adizb the Deep Elf Summoner began the quest for the Orb.
     0 | D:1      | Reached XP level 1. HP: 10/10 MP: 6/6
   115 | D:1      | Reached XP level 2. HP: 15/15 MP: 5/8
   462 | D:1      | Slain by a quokka

Illustrated notes

Levels and vault maps discovered:
D:1:      minmay_arrival_open_corners, layout_rooms

Skill      XL: |  1  2 |
---------------+-------+-----
Stealth        | 3 |  3.0
Armour         | |  0.2
Dodging        | |  2.8
Spellcasting   | |  3.4
Summonings     | |  4.7

Action                   || total
-------------------------++-------
Melee: Unarmed           ||     1
       Short sword       ||    32
       Punch             ||     1
 Cast: Summon Small Mamm ||    20
Armor: Robe              ||     3
Dodge: Dodged            ||    28
